 Dungeon Crawl Stone Soup version 0.29-a0-330-g52719c12eb (webtiles) character file.

Game seed: 3521629892853713989

162478 Aelig the Spry (level 18, -6/116 HPs)
             Began as a Kobold Enchanter on Apr 29, 2022.
             Was the Champion of Dithmenos.
             Mangled by a merfolk
             ... wielding a +0 trident
              (11 damage)
             ... on level 3 of the Shoals on Apr 30, 2022.
             The game lasted 01:58:12 (31463 turns).

Aelig the Spry (Kobold Enchanter)                  Turns: 31463, Time: 01:58:13

Health: -6/116     AC: 11    Str:  6    XL:     18   Next: 44%
Magic:  24/24      EV: 30    Int: 29    God:    Dithmenos [******]
Gold:   1858       SH:  0    Dex: 24    Spells: 1/23 levels left

rFire   . . .      SeeInvis +   a - +9 quick blade (chaos)
rCold   + . .      Faith    +   (no shield)
rNeg    . . .      Spirit   .   u - +2 robe {Archmagi}
rPois   +          Reflect  .   f - +0 helmet
rElec   .          Harm     .   v - scarf {shadows}
rCorr   .          Rampage  +   I - +2 pair of gloves {Stlth+}
Will    +....      Archmagi +   s - +2 pair of boots {Fly} Stlth ********++
                                z - amulet of Winli {Faith Rampage Regen+}
HPRegen 1.09/turn               j - ring of Brawling {Int+6 SInv}
MPRegen 0.19/turn               t - ring "Xujitz" {Contam rPois rC+ Dex+8 Stlth+}

@: engulfed (cannot breathe), on berserk cooldown, flying, slowed, wreathed by
umbra, unable to read, very slow
A: small, no large weapons, nightstalker 3, inability to read while threatened
a: Renounce Religion, Shadow Step, Shadow Form


You were on level 3 of the Shoals.
You worshipped Dithmenos.
Dithmenos was exalted by your worship.
You visited 6 branches of the dungeon, and saw 30 of its levels.
You visited 1 bazaar.
You also visited: Ice Cave.

You collected 2468 gold pieces.
You spent 610 gold pieces at shops.

Inventory:

Hand Weapons
 a - a +9 quick blade of chaos (weapon)
Missiles
 h - 628 stones (quivered)
 k - 3 throwing nets
 x - 6 silver boomerangs
Armour
 f - a +0 helmet (worn)
 n - a +1 robe of willpower
 s - a +2 pair of boots of flying (worn)
 u - a +2 robe of the Archmagi (worn)
 v - a scarf of shadows (worn)
 I - a +2 pair of gloves of stealth (worn)
 N - a +0 helmet of see invisible
Jewellery
 d - the ring "Gynal" {rN+ Str+4}
   (You bought it in a shop on level 4 of the Dungeon)

   [ring of positive energy]

   Str:       It affects your strength (+4).
   rN:        It protects you from negative energy.
 j - the ring of Brawling (left hand) {Int+6 SInv}
   (You found it on level 12 of the Dungeon)

   [ring of see invisible]

   Int:       It affects your intelligence (+6).
   SInv:      It lets you see invisible.
 t - the ring "Xujitz" (right hand) {Contam rPois rC+ Dex+8 Stlth+}
   (You acquired it on level 11 of the Dungeon)

   [ring of protection from cold]

   Dex:       It affects your dexterity (+8).
   rC:        It protects you from cold.
   rPois:     It protects you from poison.
   Contam:    It causes magical contamination when unequipped.
   Stlth:     It makes you more stealthy.
 z - the amulet of Winli (around neck) {Faith Rampage Regen+}
   (You found it on level 5 of the Dungeon)

   [amulet of faith]

   It allows you to gain divine favour quickly.
   Regen:     It increases your rate of health regeneration.
   Rampage:   It bestows one free step when moving towards enemies.
 O - a ring of resist corrosion
 T - a ring of willpower
 W - a ring of fire
Wands
 q - a wand of polymorph (17)
 D - a wand of iceblast (7)
 E - a wand of charming (14)
 G - a wand of digging (6)
 J - a wand of flame (37)
 R - a wand of mindburst (9)
 X - a wand of acid (5)
 Y - a wand of paralysis (5)
Scrolls
 b - a scroll of summoning
 o - 3 scrolls of fear
 r - 6 scrolls of amnesia
 w - 2 scrolls of silence
 y - 2 scrolls of fog
 A - 7 scrolls of teleportation
 B - 2 scrolls of enchant armour
 F - 4 scrolls of enchant weapon
 L - 3 scrolls of vulnerability
 P - 4 scrolls of magic mapping
 Q - a scroll of blinking
Potions
 c - a potion of might
 e - 4 potions of heal wounds
 g - 5 potions of flight
 l - a potion of magic
 m - 5 potions of mutation
 p - 9 potions of curing
 H - 5 potions of cancellation
 M - 5 potions of brilliance
 S - 3 potions of haste
 U - 7 potions of ambrosia
Miscellaneous
 i - a condenser vane
 K - a phantom mirror


   Skills:
 - Level 14.0 Fighting
 - Level 14.0 Short Blades
 - Level 16.0 Dodging
 - Level 14.0 Stealth
 - Level 3.0 Spellcasting
 - Level 4.0 Conjurations
 + Level 14.0 Hexes
 - Level 4.0 Translocations
 - Level 6.0 Transmutations
 + Level 5.7 Ice Magic
 - Level 0.2 Earth Magic
 - Level 8.0 Invocations
 - Level 10.0 Evocations


You had one spell level left.
You knew the following spells:

 Your Spells              Type           Power      Damage    Failure   Level
a - Ensorcelled Hibernat  Hex/Ice        100%       N/A       1%          2
b - Confusing Touch       Hex            91%        N/A       1%          3
c - Tukima's Dance        Hex            91%        N/A       1%          3
d - Dazzling Flash        Conj/Hex       100%       N/A       1%          3
e - Yara's Violent Unrav  Hex/Tmut       38%        3d15      3%          5
f - Apportation           Tloc           82%        N/A       1%          1
g - Metabolic Englaciati  Hex/Ice        37%        N/A       3%          5

Your spell library contained the following spells:

 Spells                   Type           Power      Damage    Failure   Level
 Foxfire                  Conj/Fire      92%        2x1d8     3%          1
 Animate Skeleton         Necr           12%        N/A       8%          1
 Summon Small Mammal      Summ           24%        N/A       8%          1
 Inner Flame              Hex/Fire       61%        N/A       1%          3
 Gell's Gravitas          Tloc           41%        N/A       4%          3
 Lesser Beckoning         Tloc           41%        N/A       4%          3
 Teleport Other           Tloc           41%        N/A       4%          3
 Conjure Flame            Conj/Fire      23%        6-21      10%         3
 Stone Arrow              Conj/Erth      48%        3d10      10%         3
 Corpse Rot               Necr/Air       12%        N/A       12%         2
 Poisonous Vapours        Pois/Air       12%        N/A       12%         2
 Silence                  Hex/Air        30%        N/A       12%         5
 Passage of Golubria      Tloc           41%        N/A       14%         4
 Petrify                  Tmut/Erth      33%        N/A       22%         4
 Flame Wave               Conj/Fire      23%        2d7       32%         4
 Iskenderun's Battlesphe  Conj           41%        2d9       38%         5
 Animate Armour           Summ/Erth      14%        N/A       58%         4
 Animate Dead             Necr           3%         N/A       58%         4
 Borgnjor's Vile Clutch   Necr/Erth      3%         N/A       90%         5
 Statue Form              Tmut/Erth      22%        N/A       97%         6
 Iron Shot                Conj/Erth      12%        9d3       99%         6
 Death Channel            Necr           3%         N/A       100%        6
 Spellforged Servitor     Conj/Summ      11%        N/A       100%        7
 Lehudib's Crystal Spear  Conj/Erth      12%        10d4      100%        8


Dungeon Overview and Level Annotations

Branches:
Dungeon (15/15)            Temple (1/1) D:6            Lair (5/6) D:11
 Shoals (3/4) Lair:4        Snake (4/4) Lair:4        Slime (0/5) Lair:5
    Orc (2/2) D:10            Elf (0/3) Orc:2        Vaults (0/5) D:14
  IceCv (visited)
 Depths: D:15

Altars:
Ashenzari
Cheibriados
Dithmenos
Elyvilon
Fedhas
Gozag
Hepliaklqana
Kikubaaqudgha
Makhleb
Nemelex Xobeh
Okawaru
Qazlal
Ru
Sif Muna
Trog
Uskayaw
Vehumet
Wu Jian
Xom
Zin
The Shining One
Beogh
Jiyva

Shops:
D:4 *   D:12 (   Orc:1 (   Orc:2 ([=*   Shoals:1 *

Annotations:
D:3 Grinder
D:4 3 runed translucent doors, initializr's ghost, amateur GrFi
D:6 1 runed translucent door, exclusion: downstairs, SlaveLabor's ghost, novice MiFi
D:13 3 runed translucent doors, p0werm0de's ghost, journeyman VSFi
D:15 Nessos
Lair:3 3 runed translucent doors, exclusion: molten gargoyle
Shoals:1 3 runed translucent doors, Uppo's ghost, adept TrFi
Orc:1 Gastronok


Innate Abilities, Weirdness & Mutations

You are small and have problems with some larger weapons.
You are completely attuned to the shadows.
You sometimes lose the ability to read scrolls when taking damage.


Message History

The water elemental barely misses you. The water elemental closely misses you.
The water elemental misses you. The water elemental hits you.
The water elemental misses you.
The merfolk aquamancer hits you with a +2 rapier of speed.
You hear a shout! x2; You hear an angry hiss.
You hear a shout!
You hear a bleat!
You hear a shout! x3; You hear a bleat!
You are too berserk!
You struggle against the net.
You feel a strong urge to attack something.
Your lungs strain for air!
The sea snake bites you! The merfolk closely misses you.
The merfolk barely misses you. The water elemental closely misses you.
The merfolk aquamancer barely misses you.
The water elemental hits you.
You struggle against the net.
Your lungs strain for air!
The sea snake closely misses you. The water elemental closely misses you.
The water elemental hits you!
* * * LOW HITPOINT WARNING * * *
The water elemental hits you!
* * * LOW HITPOINT WARNING * * *
You emit a cloud of dark smoke.
The merfolk misses you.
The merfolk hits you from afar with a +0 trident!!
* * * LOW HITPOINT WARNING * * *
You are too berserk!
You shred the net and break free!
You feel your anger nearly subside.
* * * LOW HITPOINT WARNING * * *
Your lungs strain for air!
The water elemental misses you. The water elemental barely misses you.
The sea snake closely misses you.
The water elemental completely misses you. x2
The merfolk aquamancer barely misses you.
* * * LOW HITPOINT WARNING * * *
Your lungs strain for air!
You are no longer berserk.
You are exhausted.
You feel yourself slow down.
The merfolk hits you from afar with a +0 trident!
You die...

≈≈≈..≈≈
≈§§m§§§
≈§SE§§≈
≈§E@m§≈


≈≈EEmE≈ ≈.§§m§≈ ≈≈≈≈§≈≈ You could see a sea snake, 2 merfolk aquamancers, 2
merfolk and 5 water elementals.

Vanquished Creatures
  Kirke (D:15)
  Aizul (Snake:1)
  Snorg (Orc:1)
  Fannar (Lair:1)
  2 vault guards (D:14)
  4 boulder beetles
  5 centaur warriors
  8 naga warriors
  Erolcha (D:12)
  6 hydras
  A two-headed ogre (D:9)
  A catoblepas (Lair:3)
  8 anacondas
  A tengu warrior (D:13)
  4 orc high priests (Orc:2)
  5 death yaks (Lair:3)
  4 naga sharpshooters
  5 shock serpents
  Nergalle (Lair:1)
  A salamander mystic (Snake:2)
  A deep troll (shapeshifter) (D:15)
  2 sea snakes
  5 naga ritualists
  2 orc knights (Orc:1)
  11 harpies (Shoals:1)
  2 necromancers (D:14)
  An ugly thing (IceCv)
  8 mana vipers
  4 cyclopes
  A deep elf pyromancer (D:13)
  An oklob plant (Lair:4)
  9 manticores
  5 orc sorcerers
  2 merfolk sirens (Shoals:1)
  3 salamanders
  A rust devil (D:6)
  8 naga magi
  2 water nymphs (Shoals:1)
  2 guardian serpents (Snake:2)
  A torpor snail (Lair:3)
  2 gargoyles
  32 black mambas
  11 cane toads
  2 efreet
  7 komodo dragons
  5 rime drakes
  A yaktaur (D:15)
  3 merfolk (Shoals:1)
  2 meliai (shapeshifter)
  2 polar bears (Lair:3)
  8 trolls
  11 meliai
  2 queen bees
  2 hornets
  2 wind drakes (Shoals:1)
  A dancing weapon (Snake:2)
  22 blink frogs
  6 slime creatures (D:14)
  3 snapping turtles (Shoals:1)
  2 shadows
  A vampire (D:10)
  4 wraiths
  A water elemental (D:15)
  35 yaks
  3 hogs (D:15)
  6 wyverns
  4 fire bats (Lair:3)
  17 humans (D:14)
  4 basilisks
  2 death yak simulacra (IceCv)
  4 steam dragons
  9 vampire mosquitoes
  A warg (Orc:2)
  An acid dragon (D:10)
  22 nagas
  17 water moccasins
  4 ice beasts
  27 orc warriors
  A black bear (Lair:3)
  3 sky beasts
  6 ogres
  22 wolves
  A phantom (D:5)
  10 centaurs
  11 bullfrogs
  3 necrophages
  2 cane toad simulacra (IceCv)
  2 gnoll sergeants
  2 wights (D:8)
  47 killer bees
  9 electric eels
  4 howler monkeys
  9 hounds
  A gnoll shaman (Orc:2)
  A jelly (D:6)
  27 orc priests
  Terence (D:3)
  3 iguanas (D:6)
  28 orc wizards
  2 hell rats (Lair:2)
  Ijyb (D:3)
  A wolf simulacrum (IceCv)
  Robin (D:3)
  9 gnolls
  3 adders
  3 shadow imps
  A white imp (D:8)
  A worm (D:4)
  A dart slug (D:5)
  78 orcs
  4 bats
  7 endoplasms
  A giant cockroach (D:1)
  16 goblins
  7 hobgoblins
  6 jackals
  5 kobolds
  A quokka (D:4)
  7 ball pythons
  3 goblin skeletons (D:7)
  A goblin zombie (D:7)
  2 hobgoblin zombies (D:7)
  2 kobold skeletons (D:7)
  3 kobold zombies (D:7)
  4 orc skeletons (D:7)
  An orc zombie (D:7)
  2 rats
  A toadstool (D:1)
787 creatures vanquished.

Vanquished Creatures (collateral kills)
  A vault guard (D:14)
  A naga sharpshooter (Snake:2)
  2 wights (D:8)
  An orc priest (Orc:2)
  4 gnolls
9 creatures vanquished.

Vanquished Creatures (others)
  3 dancing weapons
  2 orcs
  28 fungi
  35 plants
  3 toadstools (D:1)
71 creatures vanquished.

Grand Total: 867 creatures vanquished

Notes
Turn   | Place    | Note
-------+----------+-------------------------------------------
     0 | D:1      | Aelig the Kobold Enchanter began the quest for the Orb.
     0 | D:1      | Reached XP level 1. HP: 10/10 MP: 3/3
   328 | D:1      | Reached XP level 2. HP: 11/15 MP: 5/5
   953 | D:2      | Found a faded altar of an unknown god.
  1100 | D:1      | Learned a level 2 spell: Ensorcelled Hibernation
  1424 | D:2      | Identified the +0 robe "Qaol" {Will- Regen+ Str+7 Int+4}
  1519 | D:2      | Reached XP level 3. HP: 19/19 MP: 6/6
  1952 | D:2      | Reached skill level 1 in Ice Magic
  2230 | D:3      | Noticed Terence
  2331 | D:2      | Learned a level 3 spell: Confusing Touch
  2400 | D:3      | Reached XP level 4. HP: 18/24 MP: 7/7
  2508 | D:3      | Noticed Robin
  2519 | D:3      | Killed Robin
  2536 | D:3      | Noticed Ijyb
  2554 | D:3      | Killed Ijyb
  2845 | D:3      | Noticed Grinder
  2984 | D:4      | Reached XP level 5. HP: 25/28 MP: 8/8
  3194 | D:4      | Reached skill level 5 in Hexes
  3282 | D:4      | Learned a level 3 spell: Tukima's Dance
  3305 | D:4      | Found Mikkaeh's Assorted Antiques.
  3310 | D:4      | Bought a brightly glowing marble ring for 140 gold pieces
  3310 | D:4      | Identified the ring "Gynal" {rN+ Str+4} (You bought it in a
                  | shop on level 4 of the Dungeon)
  3311 | D:4      | Noticed a sky beast
  3885 | D:4      | Found a runed translucent gate.
  3886 | D:4      | Found a runed translucent gate.
  3887 | D:4      | Found a runed translucent gate.
  3889 | D:4      | Noticed a yak
  3889 | D:4      | Noticed initializr's ghost (amateur GrFi)
  3949 | D:5      | Entered Level 5 of the Dungeon
  4679 | D:5      | Reached XP level 6. HP: 32/32 MP: 9/9
  5010 | D:5      | Identified the amulet of Winli {Faith Rampage Regen+}
  5234 | D:5      | Reached XP level 7. HP: 29/36 MP: 10/10
  5452 | D:5      | Found a hide-covered altar of Uskayaw.
  5452 | D:5      | Found a snail-covered altar of Cheibriados.
  5903 | D:6      | Found a staircase to the Ecumenical Temple.
  5910 | Temple   | Entered the Ecumenical Temple
  6103 | Temple   | Became a worshipper of Dithmenos the Shadowed
  6149 | D:6      | Reached skill level 5 in Short Blades
  6149 | D:6      | Reached XP level 8. HP: 41/41 MP: 11/11
  6213 | D:7      | Noticed a yak
  6214 | D:7      | Noticed a yak
  6216 | D:7      | Noticed a yak
  6327 | D:6      | Found a runed translucent door.
  6546 | D:5      | Noticed a rust devil
  6546 | D:5      | Noticed a rust devil
  6588 | D:6      | Killed a rust devil
  6589 | D:6      | Reached XP level 9. HP: 37/45 MP: 12/12
  6617 | D:6      | Learned a level 3 spell: Dazzling Flash
  6636 | D:6      | Reached skill level 1 in Conjurations
  6808 | D:6      | Reached skill level 5 in Stealth
  6849 | D:6      | Reached * piety under Dithmenos
  7073 | D:6      | Noticed SlaveLabor's ghost (novice MiFi)
  7262 | D:3      | Killed Terence
  7471 | D:6      | Reached skill level 10 in Short Blades
  7661 | D:7      | Found a glowing golden altar of the Shining One.
  7710 | D:7      | Reached ** piety under Dithmenos
  7914 | D:7      | Reached skill level 1 in Evocations
  8060 | D:7      | Reached XP level 10. HP: 50/50 MP: 13/13
  8648 | D:8      | Reached skill level 5 in Evocations
  9183 | D:10     | Entered Level 10 of the Dungeon
  9231 | D:9      | Reached skill level 10 in Stealth
  9235 | D:9      | Reached *** piety under Dithmenos
  9311 | D:9      | Noticed a two-headed ogre
  9316 | D:9      | Killed a two-headed ogre
  9317 | D:9      | Reached XP level 11. HP: 38/54 MP: 14/14
  9369 | D:9      | Noticed a cyclops
  9762 | D:9      | Reached skill level 1 in Fighting
 10162 | D:9      | Reached skill level 10 in Hexes
 10276 | D:9      | Noticed a death knight
 10593 | D:10     | Found a staircase to the Orcish Mines.
 10898 | D:11     | Reached skill level 3 in Dodging
 11058 | D:10     | Noticed a centaur warrior
 11060 | D:10     | Killed a centaur warrior
 11061 | D:10     | Reached skill level 4 in Dodging
 11283 | D:11     | Reached skill level 5 in Fighting
 11383 | D:11     | Reached skill level 5 in Dodging
 11628 | D:11     | Noticed a boulder beetle
 11630 | D:11     | Killed a boulder beetle
 11744 | D:11     | Reached XP level 12. HP: 70/70 MP: 16/16
 11748 | D:11     | Reached **** piety under Dithmenos
 11749 | D:11     | Found a staircase to the Lair.
 11771 | Lair:1   | Entered Level 1 of the Lair of Beasts
 11785 | D:11     | Identified 2 scrolls of acquirement
 11785 | D:11     | Acquired a +8 quick blade
 11816 | D:11     | Acquired the ring "Xujitz" {Contam rPois rC+ Dex+8 Stlth+}
 11893 | Lair:1   | Reached skill level 6 in Dodging
 11895 | Lair:1   | Noticed Nergalle
 11898 | Lair:1   | Killed Nergalle
 12293 | Lair:1   | Noticed Fannar
 12306 | Lair:1   | Killed Fannar
 12307 | Lair:1   | Reached skill level 7 in Dodging
 12944 | Lair:2   | Reached skill level 8 in Dodging
 13062 | Lair:2   | Reached skill level 9 in Dodging
 13114 | Lair:2   | Reached ***** piety under Dithmenos
 13452 | Lair:2   | Noticed a five-headed hydra
 13454 | Lair:2   | Killed a five-headed hydra
 13455 | Lair:2   | Reached XP level 13. HP: 79/79 MP: 17/17
 13508 | Lair:2   | Reached skill level 10 in Dodging
 13950 | Lair:2   | Reached skill level 10 in Evocations
 14099 | Lair:2   | Reached skill level 11 in Dodging
 14099 | Lair:2   | Reached skill level 1 in Invocations
 14467 | Lair:3   | Found a runed translucent gate.
 14468 | Lair:3   | Found a runed translucent gate.
 14469 | Lair:3   | Found a runed translucent gate.
 14485 | Lair:3   | Noticed a catoblepas
 14486 | Lair:3   | Killed a catoblepas
 14486 | Lair:3   | Reached ****** piety under Dithmenos
 14487 | Lair:3   | Reached skill level 10 in Fighting
 14516 | Lair:3   | Noticed a six-headed hydra
 14520 | Lair:3   | Killed a six-headed hydra
 14863 | Lair:3   | Reached skill level 1 in Transmutations
 15181 | Lair:3   | Reached skill level 5 in Invocations
 15269 | Lair:3   | Reached XP level 14. HP: 88/88 MP: 18/18
 15487 | Lair:3   | Reached skill level 12 in Dodging
 15885 | Lair:4   | Found a staircase to the Snake Pit.
 16232 | Lair:4   | Found a staircase to the Shoals.
 17794 | Lair:5   | Found a viscous altar of Jiyva.
 17794 | Lair:5   | Found a staircase to the Slime Pits.
 18578 | Orc:1    | Entered Level 1 of the Orcish Mines
 18635 | Orc:1    | Noticed Snorg
 18637 | Orc:1    | Killed Snorg
 18694 | Orc:1    | Found Boylegou's Firing Range.
 18696 | Orc:1    | Noticed Gastronok
 18756 | Orc:1    | Reached skill level 5 in Transmutations
 18861 | Orc:1    | Learned a level 5 spell: Yara's Violent Unravelling
 18894 | Orc:1    | Reached skill level 13 in Dodging
 19001 | Orc:1    | Found a frozen archway.
 19010 | IceCv    | Entered an ice cave
 19427 | Orc:1    | You fall into a shaft and drop 1 floor!
 19427 | Orc:2    | Entered Level 2 of the Orcish Mines
 19535 | Orc:2    | Found a staircase to the Elven Halls.
 20118 | Orc:2    | Reached XP level 15. HP: 92/92 MP: 21/21
 20588 | Orc:2    | Found Tuigran's Jewellery Shop.
 20589 | Orc:2    | Found Uluyle's General Store.
 20590 | Orc:2    | Found Esmun's Weapon Boutique.
 20590 | Orc:2    | Found Kofyaghi's Armour Boutique.
 20599 | Orc:2    | Bought a +0 pair of boots of flying for 126 gold pieces
 20616 | Orc:2    | Bought a potion of heal wounds for 85 gold pieces
 20920 | D:10     | Learned a level 1 spell: Apportation
 21084 | D:12     | Identified the ring of Brawling {Int+6 SInv}
 21129 | D:12     | Reached skill level 14 in Dodging
 21359 | D:12     | Noticed Erolcha
 21361 | D:12     | Killed Erolcha
 21461 | D:12     | Found Fanid's Antique Weapon Boutique.
 21946 | D:13     | Found a runed translucent gate.
 21947 | D:13     | Found a runed translucent gate.
 21948 | D:13     | Found a runed translucent gate.
 21950 | D:13     | Noticed p0werm0de's ghost (journeyman VSFi)
 23147 | D:15     | Entered Level 15 of the Dungeon
 24093 | D:14     | Found a gate to the Vaults.
 24286 | D:14     | Reached skill level 15 in Dodging
 25213 | D:15     | Noticed Kirke
 25216 | D:15     | Killed Kirke
 25325 | D:15     | Reached XP level 16. HP: 89/101 MP: 14/22
 25581 | D:15     | Noticed Nessos
 25882 | Snake:1  | Entered Level 1 of the Snake Pit
 25884 | Snake:1  | Found a flickering gateway to a bazaar.
 25889 | Bazaar   | Entered a bazaar
 25904 | Bazaar   | Found Suitt's Armour Shop.
 25921 | Bazaar   | Found Karonen's Armour Boutique.
 25929 | Bazaar   | Found Anonaden's Assorted Antiques.
 25937 | Bazaar   | Found Biythui's Armour Boutique.
 25941 | Bazaar   | Bought a +0 helmet of see invisible for 115 gold pieces
 26551 | Snake:1  | Reached skill level 1 in Translocations
 26590 | Snake:1  | Found an ancient bone altar of Kikubaaqudgha.
 27311 | Snake:1  | Noticed Aizul
 27316 | Snake:1  | Killed Aizul
 27317 | Snake:1  | Reached skill level 16 in Dodging
 27734 | Snake:2  | Identified the +2 quarterstaff "Hatodghe" {vamp, rPois rF+
                  | Str+2 Int-2}
 28488 | Snake:2  | Gained mutation: You sometimes lose the ability to read
                  | scrolls when taking damage. [you]
 29432 | Snake:3  | Reached XP level 17. HP: 106/106 MP: 23/23
 29439 | Snake:3  | Reached XP level 18. HP: 115/115 MP: 21/24
 29739 | Snake:4  | Entered Level 4 of the Snake Pit
 30076 | Shoals:1 | Entered Level 1 of the Shoals
 30121 | Shoals:1 | Learned a level 5 spell: Metabolic Englaciation
 30214 | Shoals:1 | Found a runed translucent gate.
 30215 | Shoals:1 | Found a runed translucent gate.
 30216 | Shoals:1 | Found a runed translucent gate.
 30217 | Shoals:1 | Noticed Uppo's ghost (adept TrFi)
 30584 | Shoals:1 | Found Bulu's General Store.
 30588 | Shoals:1 | Bought 2 scrolls of teleportation for 96 gold pieces
 30588 | Shoals:1 | Bought a potion of curing for 48 gold pieces
 30870 | Shoals:1 | Reached skill level 5 in Ice Magic
 31463 | Shoals:3 | HP: 7/174 [drowned by a water elemental (5)]
 31463 | Shoals:3 | Mangled by a merfolk

Illustrated notes

Levels and vault maps discovered:
D:1:      ldierk_water_garden, layout_basic, serial_bayou_lake_a
D:2:      layout_rooms, basic_ecumenical_altar, serial_bayou_lagoon_a,
          minivault_4
D:3:      layout_loops_ring, uniq_ijyb, uniq_grinder, uniq_terence, uniq_robin
D:4:      layout_cave_pods, gammafunk_ghost_split, serial_shops, shop
D:5:      cheibrodos_iron_armory, layout_cave_pods,
          gammafunk_temple_overflow_pools
D:6:      layout_loops_ring, temple_statues, ebering_ghost_inner_flame
D:7:      layout_basic, nicolae_tso_besieged_by_evil
D:8:      layout_rooms
D:9:      layout_basic, minmay_diamond_spiral
D:10:     nicolae_cairo_tiling_large, layout_long_grid
D:11:     layout_rooms, erik_lair_island
D:12:     layout_basic, serial_shops, nicolae_shop_hallway_plus, uniq_erolcha
D:13:     layout_gridville, ebering_ghost_rock_garden
D:14:     layout_grid_maze, grunt_vaults_entry_tiered, minmay_splitting_lines
D:15:     hangedman_depths_entry_try_elsewhere_first, layout_loops_ring,
          serial_glass, glass_columns_b, glass_columns_c, special_room
          [special_room_orc], nicolae_water_bricks, uniq_nessos, uniq_kirke
Temple:   mainiacjoe_temple_bowtie_tessellation
Lair:1:   layout_regular_city, grunt_forest_small_clearings, st_stairs_11,
          infiniplex_staircase_pool, lemuel_fruit_fields, uniq_nergalle,
          uniq_fannar
Lair:2:   regret_index_combs_of_tragedy, layout_gridlike, grunt_megastairs_3
Lair:3:   layout_gridlike, gammafunk_ghost_cemetery, minmay_shattered_shrine
Lair:4:   dpeg_oklob_shooting_range, layout_cave_pods, elwin_shoals_entry_rocks,
          minmay_snake_entry_six_corridors, lemuel_fruit_tree
Lair:5:   layout_loops_ring, slime_altar_1, special_room [special_room_bee]
Shoals:1: layout_shoals, serial_shops, nicolae_shop_stone,
          ebering_ghost_rock_garden
Shoals:2: layout_shoals
Shoals:3: layout_shoals, serial_shops, shop, st_sunken_huts, uniq_polyphemus
Snake:1:  layout_chambers, serial_shops, bzr_in_the_mist, basic_altar,
          grunt_megastairs_1, uniq_aizul
Snake:2:  layout_misc_corridors
Snake:3:  layout_onion_interference, nicolae_snake_bzzzt
Snake:4:  snake_pit, layout_onion, serial_shops, nicolae_shop_behind_doors,
          st_stairs_3, uniq_asterion
Orc:1:    layout_caves, portal_ice_cave_rime, nicolae_shop_firing_range,
          uniq_snorg, uniq_gastronok
Orc:2:    st_orc_mages, layout_caves, nicolae_orc_lost_temple

Skill      XL: |  1  2  3  4  5  6  7  8  9 10 11 12 13 14 15 16 17 18 |
---------------+-------------------------------------------------------+-----
Hexes          | 4 5 6 8 10 11 13 14 | 14.0
Ice Magic      | 1 2 3 4 5 |  5.7
Short Blades   | 2 3 5 9 10 13 14 | 14.0
Conjurations   | 3 4 |  4.0
Stealth        | 7 10 12 14 | 14.0
Evocations     | 2 7 8 10 | 10.0
Fighting       | 6 8 10 11 12 13 14 | 14.0
Dodging        | 5 9 11 13 15 16 | 16.0
Spellcasting   | 3 |  3.0
Invocations    | 5 8 |  8.0
Transmutations | 2 6 |  6.0
Translocations | 4 |  4.0
Earth Magic    | |  0.2

Action                   |  1- 3 |  4- 6 |  7- 9 | 10-12 | 13-15 | 16-18 || total
-------------------------+-------+-------+-------+-------+-------+-------++-------
Melee: Dagger            |   104 |   123 |   268 |   138 |       |       ||   633
       Punch             |     2 |     1 |     4 |       |     9 |     6 ||    22
       Unarmed           |       |     4 |       |       |       |       ||     4
       Quick blade       |       |       |       |    57 |   863 |   487 ||  1407
Throw: Stone             |       |     1 |     1 |     1 |       |       ||     3
 Cast: Ensorcelled Hiber |     2 |    32 |    21 |    31 |   164 |    66 ||   316
       Confusing Touch   |       |     3 |     5 |     5 |     9 |     7 ||    29
       Tukima's Dance    |       |       |     5 |     3 |    17 |    26 ||    51
       Dazzling Flash    |       |       |     4 |     7 |    15 |     5 ||    31
       Yara's Violent Un |       |       |       |       |       |     1 ||     1
Evoke: Wand              |       |       |     2 |       |       |       ||     2
  Use: Scroll            |       |     6 |       |    16 |    12 |     5 ||    39
       Potion            |       |     2 |     4 |     2 |     2 |     2 ||    12
 Stab: Sleeping          |    15 |    27 |    28 |    98 |   231 |   101 ||   500
       Distracted        |     2 |       |       |     1 |    14 |     4 ||    21
       Confused          |       |     2 |     7 |     6 |    12 |     7 ||    34
       Invisible         |       |     2 |     7 |     8 |    15 |     2 ||    34
       Petrifying        |       |       |       |       |     3 |       ||     3
       Paralysed         |       |       |       |       |     1 |       ||     1
Armor: Robe              |    20 |    19 |    25 |     3 |    11 |    21 ||    99
       Skin              |       |     2 |     1 |       |       |       ||     3
       Ring mail         |       |     1 |       |       |       |       ||     1
       Steam dragon scal |       |       |       |     4 |    34 |       ||    38
Dodge: Dodged            |    50 |    70 |   127 |    35 |   556 |   235 ||  1073

Table legend: (Time is in decaauts)
 A = Elapsed time spent in this place.
 B = Non-inter-level travel time spent in this place.
 C = Inter-level travel time spent in this place.
 D = Time resting spent in this place.
 E = Time spent auto-exploring this place.
 F = Levels seen in this place.
 G = Mean time per level.
                   A        B        C        D        E       F      G
               +--------+--------+--------+--------+--------+-----+--------+
         Total |  30465 |  28727 |   1738 |   3186 |  18406 |  32 |  952.0 |
       Dungeon |  16289 |  15261 |   1028 |   1668 |   9809 |  15 | 1085.9 |
        Temple |    230 |    201 |     29 |      0 |    175 |   1 |  230.0 |
          Lair |   6561 |   6163 |    398 |    385 |   4617 |   5 | 1312.2 |
        Shoals |   1356 |   1327 |     29 |     78 |   1015 |   3 |  452.0 |
     Snake Pit |   3799 |   3603 |    196 |    696 |   2079 |   4 |  949.8 |
  Orcish Mines |   2079 |   2023 |     56 |    359 |    701 |   2 | 1039.5 |
        Bazaar |     81 |     81 |      0 |      0 |      0 |   1 |   81.0 |
      Ice Cave |     66 |     66 |      0 |      0 |     10 |   1 |   66.0 |
               +--------+--------+--------+--------+--------+-----+--------+

Top non-repeatable levels by time:
    D:14: 1824 daAuts
 Snake:1: 1805 daAuts
  Lair:2: 1474 daAuts
     D:1: 1449 daAuts
  Lair:5: 1438 daAuts
     D:4: 1433 daAuts
  Lair:3: 1349 daAuts
     D:9: 1293 daAuts
 Snake:2: 1292 daAuts
     D:5: 1287 daAuts
Shoals:1: 1275 daAuts
    D:13: 1175 daAuts
  Lair:4: 1167 daAuts
     D:6: 1154 daAuts
  Lair:1: 1131 daAuts
